 Dungeon Crawl Stone Soup version 0.17.0 (webtiles) character file.

20628 Eucla the Grappler (level 12, -4/122 HPs)
             Began as a Troll Monk on Nov 21, 2015.
             Was a High Priest of Ru.
             Slain by a giant leech (14 damage)
             ... on level 4 of the Lair of Beasts.
             The game lasted 00:22:56 (12763 turns).

Eucla the Grappler (Troll Monk)                    Turns: 12763, Time: 00:22:56

Health: -4/122     AC:  8    Str: 22    XL:     12   Next: 47%
Magic:  13/13      EV: 18    Int:  6    God:    Ru [*****.]
Gold:   667        SH:  0    Dex: 16    Spells: 0 memorised, 11 levels left

rFire  . . .     SeeInvis .       - Unarmed
rCold  . . .     Clarity  +     a - +0 robe
rNeg   . . .     SustAt   .     (no shield)
rPois  +         Gourm    +     (helmet restricted)
rElec  .         Spirit   .     G - +2 cloak
rCorr  .         Warding  .     (gloves unavailable)
rMut   .         Stasis   .     (boots unavailable)
MR     .....                    s - amulet of clarity
Stlth  ++........               t - ring of poison resistance
                                q - +6 ring of evasion

@: no scrolls, not resistant to hostile enchantments, unstealthy
A: unfitting armour, claws 3, fast metabolism 3, gourmand, regeneration 2,
shaggy fur 1, tough skin 2, inability to read while threatened, hated by all, no
conjurations magic, no fire magic, no hexes magic, slow reflexes 1, magic
vulnerability 1
a: Draw Out Power, Power Leap, Apocalypse, Renounce Religion


You were on level 4 of the Lair of Beasts.
You worshipped Ru.
Ru was extremely pleased with you.
You were very full.

You visited 2 branches of the dungeon, and saw 15 of its levels.

You collected 939 gold pieces.
You spent 272 gold pieces at shops.

Inventory:

Hand Weapons
 W - a +0 blowgun
Missiles
 R - 9 tomahawks (quivered)
 T - 7 javelins
 X - 13 curare-tipped needles
 Y - 54 poisoned needles
Armour
 a - a +0 robe (worn)
 G - a +2 cloak (worn)
Rods
 L - a +2 rod of the swarm (10/10)
   (You found it on level 7 of the Dungeon)
Jewellery
 c - an uncursed amulet of resist mutation {unknown}
 g - a cursed ring of teleportation {unknown}
 q - a +6 ring of evasion (left claw)
 r - a +4 ring of evasion
 s - an amulet of clarity (around neck)
 t - a ring of poison resistance (right claw)
 H - an uncursed ring of wizardry {unknown}
 M - an uncursed ring of stealth {unknown}
Wands
 d - a wand of disintegration (12)
 e - a wand of fire (11)
 x - a wand of fire (7)
 z - a wand of hasting (0)
 A - a wand of digging (8)
 C - a wand of lightning (8)
 D - a wand of lightning (6)
 J - a wand of random effects (24)
 K - a wand of flame (19)
 S - a wand of fire (7)
 U - a wand of heal wounds (0)
Scrolls
 i - 2 scrolls of blinking {unknown}
 j - 4 scrolls of identify
 m - a scroll of silence {unknown}
 o - a scroll of remove curse {unknown}
 u - 2 scrolls of immolation {unknown}
 y - a scroll of teleportation {unknown}
Potions
 f - a potion of ambrosia {unknown}
 h - 12 potions of curing {unknown}
 k - a potion of beneficial mutation {unknown}
 l - 4 potions of heal wounds {unknown}
 n - a potion of cancellation {unknown}
 p - 4 potions of magic {unknown}
 w - 3 potions of might {unknown}
 B - 3 potions of lignification {unknown}
 E - 2 potions of flight {unknown}
 I - 4 potions of degeneration {unknown}
 Q - 2 potions of brilliance {unknown}
 V - a potion of mutation {unknown}
 Z - a potion of invisibility {unknown}
Miscellaneous
 F - a plain deck of war
 P - a fan of gales (inert)
Comestibles
 b - 15 bread rations
 v - 8 meat rations


   Skills:
 + Level 8.6 Fighting
 + Level 6.9 Throwing
 + Level 8.8 Dodging
 - Level 1.1 Stealth
 + Level 13.4 Unarmed Combat
 + Level 3.0 Evocations


You had 11 spell levels left.
You didn't know any spells.

Dungeon Overview and Level Annotations

Branches:
Dungeon (11/15)            Temple (0/1) D:6            Lair (4/8) D:11
  Snake (0/4) Lair:4          Orc (0/4) D:10
  Swamp: Lair:3-6    Shoals: Lair:3-6

Altars:
Ashenzari
Cheibriados
Elyvilon
Makhleb
Qazlal
Ru
Trog
Zin
The Shining One

Shops:
D:7 ?

Annotations:
D:4 1 runed door


Innate Abilities, Weirdness & Mutations

You are too large for most types of armour.
You have claws for hands.
Your metabolism is lightning-fast.
You like to eat raw meat.
You heal very quickly.
You are covered in fur (AC +1).
You have very tough skin (AC +2).
You cannot read scrolls while threatened.
You are hated by all.
You cannot study or cast Conjurations magic.
You cannot study or cast Fire magic.
You cannot study or cast Hexes magic.
You have somewhat slow reflexes. (-3 EV)
You are slightly vulnerable to magic.


Message History

Evoke which item? (* to show all) (? for menu, Esc to quit)
Zapping:
U - a wand of heal wounds {zapped: 3} (will waste charges)
Press: ? - help, Shift-Dir - straight line, f - you Nothing appears to happen.
The air elemental closely misses you. The air elemental hits you.
* * * LOW HITPOINT WARNING * * *
The giant leech bites you!!
* * * LOW HITPOINT WARNING * * *
The giant leech draws strength from your injuries!
Unknown command.
Evoke which item? (* to show all) (? for menu, Esc to quit)
Okay, then.
You miss the air elemental. The air elemental barely misses you.
The air elemental misses you.
The giant leech bites the plant!!
The plant is destroyed!
Unknown command.
You mangle the air elemental!!
The air elemental is severely damaged.
The air elemental misses you. The giant leech bites you!
You die...

.................##
..........w.......#
....w.....w......##
.#...............#
..##....#....#.#(#
.##.....##..####.#
.###....#....###w#
.......>##...P#.w##
.#.#.....##...##@P#
.###.....#P..###EP#
###......#..## #.P#
###.......#.####..#
..................#
..................#
..................#
..................#
........P##..##...#


You could see 2 giant leeches and an air elemental.

Vanquished Creatures
  Harold (Lair:3)
  The ghost of Eucla the Grappler, a novice TrMo of Nemelex Xobeh (D:9)
  3 hill giants
  An unseen horror (D:11)
  Maurice (D:8)
  4 elephants (Lair:2)
  2 black mambas
  7 spiny frogs
  3 komodo dragons
  A fire drake (D:11)
  A two-headed ogre (D:8)
  A giant leech (Lair:4)
  Grinder (D:5)
  3 blink frogs (Lair:2)
  A hungry ghost (D:7)
  19 yaks
  A spriggan (D:7)
  Eustachio (D:5)
  2 hippogriffs
  A naga (Lair:4)
  2 phantoms (D:8)
  9 water moccasins
  3 ice beasts
  4 ogres
  8 orc warriors
  7 porcupines
  A sky beast (D:11)
  A black bear (Lair:1)
  5 crocodiles
  2 centaurs
  Blork the orc (D:6)
  A wyvern zombie (D:11)
  A gnoll sergeant (D:8)
  2 big kobolds
  8 giant frogs
  2 scorpions
  2 giant frog zombies
  6 hounds
  9 wights
  A wasp zombie (D:11)
  A centaur zombie (D:9)
  2 crimson imps
  4 jellies
  5 giant frog skeletons
  Crazy Yiuf (D:5)
  4 orc priests
  24 orc wizards
  A centaur skeleton (D:11)
  Jessica (D:3)
  6 iguanas
  6 worker ants
  A killer bee zombie (D:10)
  A hound skeleton (D:6)
  11 adders
  8 gnolls
  22 river rats (Lair:3)
  A shadow imp (D:11)
  4 giant geckos
  71 orcs
  3 ball pythons
  6 goblins
  9 hobgoblins
  10 jackals
  6 quokkas
  5 bats
  6 giant cockroaches
  3 giant newts
  13 kobolds
  12 rats
377 creatures vanquished.

Vanquished Creatures (others)
  A black mamba (Lair:4)
  An iguana (Lair:2)
  A goblin (D:2)
  A plant (Lair:4)
4 creatures vanquished.

Grand Total: 381 creatures vanquished

Notes
Turn   | Place    | Note
--------------------------------------------------------------
     0 | D:1      | Eucla the Troll Monk began the quest for the Orb.
     0 | D:1      | Reached XP level 1. HP: 22/22 MP: 0/0
   162 | D:1      | Reached XP level 2. HP: 23/29 MP: 1/1
   488 | D:2      | Found a faded altar to an unknown god.
   511 | D:2      | Became a worshipper of Ru the Awakened
   526 | D:2      | Gained mutation: You are hated by all. [Ru sacrifice]
   526 | D:2      | Reached * piety under Ru
   707 | D:2      | Reached XP level 3. HP: 33/36 MP: 2/2
  1107 | D:2      | Reached XP level 4. HP: 20/44 MP: 3/3
  1109 | D:2      | Reached skill level 5 in Unarmed Combat
  1374 | D:3      | Reached XP level 5. HP: 45/53 MP: 4/4
  1463 | D:3      | Noticed Jessica
  1477 | D:3      | Killed Jessica
  2160 | D:4      | Gained mutation: You cannot study or cast Fire magic. [Ru sacrifice]
  2160 | D:4      | Gained mutation: You cannot study or cast Hexes magic. [Ru sacrifice]
  2160 | D:4      | Gained mutation: You cannot study or cast Conjurations magic. [Ru sacrifice]
  2160 | D:4      | Reached ** piety under Ru
  2175 | D:4      | Found a white marble altar of Elyvilon.
  2176 | D:4      | Found a runed door.
  2176 | D:4      | Noticed an angel
  2185 | D:4      | Reached XP level 6. HP: 50/61 MP: 5/5
  2277 | D:4      | Reached skill level 6 in Unarmed Combat
  2630 | D:5      | Entered Level 5 of the Dungeon
  2639 | D:5      | Reached XP level 7. HP: 59/68 MP: 6/6
  2766 | D:5      | Noticed Eustachio
  2779 | D:5      | Killed Eustachio
  2779 | D:5      | Reached skill level 7 in Unarmed Combat
  2893 | D:5      | Noticed Crazy Yiuf
  2902 | D:5      | Killed Crazy Yiuf
  2945 | D:5      | Noticed Grinder
  2946 | D:5      | Paralysed by Grinder for 7 turns
  2960 | D:5      | Paralysed by Grinder for 7 turns
  2974 | D:5      | Killed Grinder
  2974 | D:5      | Reached XP level 8. HP: 18/79 MP: 7/7
  3284 | D:5      | You fall through a shaft for 3 floors!
  3376 | D:8      | Reached skill level 8 in Unarmed Combat
  3456 | D:7      | Reached skill level 5 in Fighting
  3460 | D:7      | Reached skill level 5 in Dodging
  3492 | D:6      | Found a staircase to the Ecumenical Temple.
  3557 | D:6      | Noticed Blork the orc
  3575 | D:6      | Killed Blork the orc
  3832 | D:6      | Found a glowing silver altar of Zin.
  4441 | D:7      | Reached skill level 9 in Unarmed Combat
  4452 | D:7      | Reached XP level 9. HP: 49/88 MP: 8/8
  4513 | D:7      | Found Josieda's Magic Scroll Boutique.
  4515 | D:7      | Bought a scroll of enchant armour for 120 gold pieces
  4515 | D:7      | Bought a scroll of identify for 32 gold pieces
  4515 | D:7      | Bought a scroll of identify for 32 gold pieces
  4515 | D:7      | Bought a scroll of identify for 32 gold pieces
  4515 | D:7      | Bought a scroll of magic mapping for 56 gold pieces
  4796 | D:8      | Noticed a two-headed ogre
  4803 | D:8      | Killed a two-headed ogre
  4851 | D:8      | Noticed Maurice
  4867 | D:8      | Killed Maurice
  4867 | D:8      | Reached skill level 1 in Throwing
  4997 | D:8      | Reached skill level 10 in Unarmed Combat
  5275 | D:8      | Found a snail-covered altar of Cheibriados.
  5277 | D:8      | Found a stormy altar of Qazlal.
  5279 | D:8      | Found a shattered altar of Ashenzari.
  5360 | D:8      | Found a glowing golden altar of the Shining One.
  5609 | D:9      | Noticed Eucla's ghost (novice TrMo)
  5638 | D:9      | Killed Eucla's ghost
  5638 | D:9      | Reached XP level 10. HP: 27/100 MP: 9/9
  5846 | D:9      | Found a burning altar of Makhleb.
  6419 | D:10     | Entered Level 10 of the Dungeon
  6494 | D:9      | Gained mutation: You are slightly vulnerable to magic. [Ru sacrifice]
  6494 | D:9      | Reached *** piety under Ru
  6607 | D:9      | Reached skill level 11 in Unarmed Combat
  6796 | D:10     | Found a staircase to the Orcish Mines.
  6941 | D:10     | Found a bloodstained altar of Trog.
  8169 | D:10     | Noticed a hill giant
  8185 | D:10     | Killed a hill giant
  8322 | D:11     | Noticed a hill giant
  8334 | D:11     | Killed a hill giant
  8362 | D:11     | Reached XP level 11. HP: 109/109 MP: 10/10
  8366 | D:11     | Found a staircase to the Lair.
  8371 | D:11     | Reached skill level 12 in Unarmed Combat
  8763 | D:11     | Got a slimy war axe
  8764 | D:11     | Identified the +5 war axe of Premature Burial {freeze, +Fly rElec rN++ Dex-2} (You found it on level 11 of the Dungeon)
  8963 | D:11     | Gained mutation: You cannot read scrolls while threatened. [Ru sacrifice]
  8963 | D:11     | Reached **** piety under Ru
  9013 | D:11     | Killed an unseen horror
  9074 | D:11     | Noticed a hill giant
  9089 | D:11     | Killed a hill giant
  9089 | D:11     | Reached skill level 5 in Throwing
  9198 | Lair:1   | Entered Level 1 of the Lair of Beasts
 10556 | Lair:2   | Reached skill level 13 in Unarmed Combat
 10595 | Lair:2   | Gained mutation: You have somewhat slow reflexes. (-3 EV) [Ru sacrifice]
 10595 | Lair:2   | Reached ***** piety under Ru
 10634 | Lair:2   | Reached skill level 1 in Evocations
 10827 | Lair:2   | Reached XP level 12. HP: 117/120 MP: 11/11
 11261 | Lair:3   | Noticed Harold
 11289 | Lair:3   | Killed Harold
 12007 | Lair:4   | Found a staircase to the Snake Pit.
 12763 | Lair:4   | Slain by a giant leech

Action                   |  1- 3 |  4- 6 |  7- 9 | 10-12 || total
-------------------------+-------+-------+-------+-------++-------
Melee: Unarmed           |    87 |   147 |   321 |   707 ||  1262
Throw: Throwing net      |       |       |       |     5 ||     5
Invok: Sacrifice Love    |     1 |       |       |       ||     1
       Sacrifice Arcana  |       |     1 |       |       ||     1
       Reject Sacrifices |       |       |     1 |     1 ||     2
       Sacrifice Essence |       |       |       |     1 ||     1
       Sacrifice Words   |       |       |       |     1 ||     1
       Sacrifice Health  |       |       |       |     1 ||     1
Evoke: Wand              |       |       |     1 |     2 ||     3
       Fan of gales      |       |       |       |     1 ||     1
 Stab: Sleeping          |     2 |     5 |     5 |     4 ||    16
       Distracted        |       |     1 |       |     6 ||     7
       Invisible         |       |       |       |    16 ||    16
       Paralysed         |       |       |       |     5 ||     5
  Eat: Chunk             |    11 |    12 |    36 |    47 ||   106
       Fruit             |       |       |       |     8 ||     8
       Royal jelly       |       |       |       |     3 ||     3
       Beef jerky        |       |       |       |     3 ||     3
